Map: White Rabbit LE

Players

KimChiLoVer - Winner!

  • Race: Terran Terran
  • League: Diamond
  • Spawn Location: 1:00

Cheater 1 (Vision)

  • Race: Zerg Zerg
  • Spawn Location: 7:00

VOD

Have the link to the VOD?

Description

Time

  • Played on: April 28, 2026, 11:17 p.m.
  • Length: 12:00
Show
View Real Time Build Order
Export as new Build Order

KimChiLoVer Terran - Winner!

Build Orders: Reaper Expand 

Get SALT Encoding   

  12  0:00  SCV  
  13  0:16  SCV  
  13  0:17  Supply Depot  
  14  0:28  SCV  
  15  0:40  Barracks, SCV  
  16  0:44  Refinery  
  16  0:52  SCV  
  17  1:05  SCV  
  18  1:17  SCV  
  19  1:29  Orbital Command  
  19  1:30  Reaper  
  20  1:41  Command Center  
  20  1:50  Supply Depot  
  20  1:57  SCV  
  21  2:02  Marine  
  22  2:12  Factory  
  22  2:16  SCV  
  22  2:18  Refinery  
  22  2:21  Barracks Reactor  
  23  2:32  SCV  
  24  2:44  SCV  
  25  2:53  Orbital Command  
  25  2:56  SCV  
  26  3:02  Command Center  
  26  3:09  SCV, Hellion  
  29  3:14  Hellion  
  31  3:21  SCV  
  31  3:25  SCV  
  31  3:26  Barracks Tech Lab  
  33  3:33  Hellion  
  35  3:35  Hellion  
  35  3:39  SCV  
  35  3:40  Factory  
  35  3:41  SCV  
  39  3:51  Supply Depot, SCV  
  39  3:53  SCV  
  41  4:01  Factory  
  41  4:03  SCV  
  41  4:05  Barracks Tech Lab, SCV  
  41  4:08  Hellion  
  45  4:15  SCV  
  47  4:17  SCV  
  47  4:24  Supply Depot, Orbital Command  
  48  4:29  SCV x2  
  49  4:32  Refinery  
  49  4:37  Supply Depot  
  49  4:41  SCV  
  49  4:42  Hellion x2  
  49  4:44  Cyclone  
  57  4:47  Infernal Pre-Igniter  
  57  4:49  Mag-Field Accelerator  
  57  4:53  SCV  
  58  5:00  Supply Depot  
  58  5:02  SCV  
  58  5:05  Cyclone  
  58  5:06  SCV, Hellion x2  
  66  5:20  Hellion  
  68  5:27  Hellion  
  60  5:37  Hellion, Cyclone  
  60  5:38  Barracks Tech Lab  
  60  5:41  Cyclone  
  68  5:43  Refinery  
  68  5:45  Armory  
  68  5:46  Armory  
  68  5:49  Hellion  
  70  5:53  Supply Depot  
  70  5:54  SCV  
  71  5:58  Supply Depot  
  71  6:02  Supply Depot  
  71  6:06  Factory, SCV  
  71  6:08  SCV  
  71  6:09  Factory, Cyclone  
  76  6:27  Hellion x2  
  76  6:28  Cyclone  
  76  6:31  SCV  
  84  6:34  Terran Vehicle Weapons Level 1  
  84  6:41  Cyclone  
  84  6:43  SCV  
  88  6:51  Cyclone  
  88  6:52  Hellion, Command Center  
  93  6:54  Refinery  
  93  6:55  Factory Reactor  
  93  6:56  Smart Servos  
  93  6:58  Refinery  
  93  6:59  SCV  
  94  7:02  Orbital Command, Widow Mine, Supply Depot  
  86  7:22  Cyclone x2  
  89  7:23  Hellion x2, Cyclone  
  90  7:44  Hellion  
  90  7:45  Hellion  
  89  8:03  Cyclone x2, Hellion x3  
  101  8:06  Hellion x2  
  101  8:08  SCV  
  106  8:13  Supply Depot x2  
  106  8:20  Supply Depot, SCV  
  106  8:22  Orbital Command  
  106  8:24  SCV, Cyclone, Hellion  
  106  8:25  Hellion  
  115  8:32  SCV  
  116  8:35  Cyclone x2  
  116  8:40  SCV x2  
  124  8:44  SCV  
  124  8:45  Supply Depot  
  124  8:47  Supply Depot  
  125  8:52  SCV x2  
  125  8:53  Supply Depot  
  127  8:56  Hellion x2  
  127  8:57  Cyclone, SCV  
  127  8:59  Terran Vehicle Weapons Level 2  
  135  9:03  Terran Vehicle And Ship Armor Level 1  
  135  9:07  Cyclone  
  135  9:09  SCV  
  131  9:21  SCV  
  131  9:23  Widow Mine  
  131  9:24  Hellion x4  
  138  9:31  Hellion  
  138  9:33  SCV  
  139  9:39  Hellion  
  139  9:44  SCV, Hellion  
  139  9:45  Hellion x4  
  154  9:53  Hellion  
  154  9:56  SCV  
  153  10:00  Hellion  
  153  10:01  Factory  
  153  10:02  Factory  
  153  10:04  Factory  
  153  10:06  Widow Mine x2, Refinery, Cyclone  
  162  10:08  SCV  
  163  10:20  SCV  
  164  10:25  Widow Mine x2, Hellion x2  
  164  10:27  Hellion  
  174  10:32  SCV  
  174  10:34  Widow Mine  
  175  10:39  Widow Mine  
  177  10:44  SCV  
  177  10:46  Hellion x3  
  177  10:47  Widow Mine  
  177  10:48  Hellion  
  188  10:56  Hellion  
  186  11:00  Hellion  
  188  11:08  Hellion x2  
  192  11:11  Factory Tech Lab x3  
  190  11:19  Refinery  
  190  11:22  SCV, Command Center  
  190  11:25  Command Center  
  191  11:34  SCV  
Show
View Real Time Build Order
Export as new Build Order

Cheater 1 (Vision) Zerg 

Build Orders: Pool First 

Get SALT Encoding   

  12  0:00  Drone  
  13  0:12  Overlord  
  13  0:16  Drone  
  14  0:30  Drone x2  
  16  0:42  Spawning Pool  
  15  0:44  Drone  
  15  0:48  Drone  
  17  1:10  Hatchery, Drone  
  17  1:13  Extractor  
  17  1:16  Drone  
  17  1:18  Extractor  
  17  1:21  Drone  
  17  1:28  Drone  
  18  1:38  Drone  
  19  1:49  Overlord, Queen  
  21  2:00  Zergling x2  
  22  2:10  Drone  
  23  2:21  Drone x2  
  25  2:24  Queen  
  27  2:32  Drone x2  
  29  2:45  Drone, Roach Warren  
  29  2:49  Drone  
  30  2:53  Zergling x2  
  30  2:55  Zergling x2  
  32  3:04  Overlord  
  33  3:05  Drone  
  33  3:07  Drone  
  34  3:25  Roach  
  34  3:26  Roach x3  
  42  3:30  Lair  
  42  3:35  Overlord  
  42  3:39  Overlord  
  42  3:42  Zergling x2  
  42  3:45  Zergling x2  
  44  3:53  Zergling x2, Drone x2  
  44  3:54  Drone  
  48  3:56  Drone  
  48  3:59  Drone  
  50  4:03  Overlord  
  50  4:08  Roach  
  52  4:11  Roach  
  52  4:14  Roach  
  56  4:18  Roach  
  56  4:22  Overlord  
  58  4:28  Drone  
  58  4:30  Drone  
  60  4:32  Hydralisk Den, Drone  
  60  4:36  Roach  
  62  4:38  Roach  
  62  4:42  Overlord  
  64  5:00  Hydralisk x2  
  64  5:01  Drone, Hydralisk x2  
  64  5:02  Drone  
  64  5:04  Drone  
  75  5:07  Overlord  
  75  5:10  Drone  
  75  5:11  Drone  
  75  5:14  Drone  
  78  5:15  Drone  
  78  5:17  Drone  
  78  5:19  Drone  
  78  5:24  Drone  
  78  5:26  Drone  
  76  5:35  Drone, Infestation Pit  
  71  5:37  Drone  
  71  5:40  Drone  
  71  5:42  Drone  
  74  5:44  Drone  
  74  5:46  Drone  
  74  5:48  Drone  
  77  5:50  Drone  
  77  5:51  Drone  
  77  5:56  Drone  
  80  5:59  Overlord  
  80  6:07  Drone  
  80  6:08  Drone, Zergling x2  
  80  6:09  Evolution Chamber, Drone  
  80  6:10  Zergling x2  
  84  6:12  Zergling x2, Infestor  
  84  6:14  Infestor  
  89  6:19  Hatchery  
  89  6:24  Zergling x2  
  89  6:27  Overlord  
  89  6:29  Zergling x2  
  89  6:31  Metabolic Boost  
  90  6:35  Zerg Melee Weapons Level 1  
  90  6:42  Ravager, Evolution Chamber  
  90  6:45  Roach  
  90  6:46  Zergling x2  
  93  6:47  Zergling x2  
  93  6:52  Evolution Chamber  
  93  6:53  Drone  
  94  6:54  Ravager  
  94  6:58  Extractor  
  94  6:59  Overlord, Roach, Drone  
  97  7:07  Zergling x2  
  97  7:08  Zerg Missile Weapons Level 1, Extractor, Zergling x2  
  96  7:09  Drone  
  96  7:10  Zergling x2  
  96  7:11  Zergling x2  
  96  7:13  Zergling x2  
  96  7:14  Roach  
  96  7:15  Zergling x4  
  93  7:18  Zerg Ground Armor Level 1  
  93  7:19  Overseer, Roach  
  93  7:21  Drone  
  95  7:23  Roach  
  95  7:30  Drone  
  95  7:31  Drone  
  95  7:33  Drone  
  95  7:36  Drone  
  94  7:37  Ravager  
  94  7:42  Drone  
  94  7:43  Hydralisk  
  94  7:44  Zergling x2, Drone, Roach  
  93  7:46  Zergling x2, Drone  
  93  7:48  Drone  
  93  7:49  Drone  
  87  7:52  Roach  
  87  7:55  Hydralisk  
  84  7:59  Drone  
  84  8:03  Drone  
  86  8:06  Drone  
  86  8:09  Drone  
  88  8:13  Zergling x4, Drone  
  88  8:14  Zergling x2  
  88  8:17  Infestor, Roach, Drone  
  88  8:18  Zergling x2  
  98  8:21  Zergling x2  
  98  8:24  Drone  
  98  8:25  Ravager  
  101  8:28  Overlord  
  101  8:29  Extractor  
  101  8:32  Drone  
  101  8:35  Extractor, Drone  
  101  8:39  Drone  
  101  8:40  Overseer  
  102  8:42  Drone  
  102  8:44  Infestor  
  102  8:45  Drone, Roach  
  102  8:46  Zergling x2  
  109  8:48  Overlord  
  109  8:49  Drone, Roach  
  109  8:51  Drone  
  109  8:54  Drone  
  114  8:57  Drone  
  114  9:02  Drone  
  116  9:05  Drone  
  116  9:07  Overlord  
  117  9:13  Drone  
  117  9:15  Drone  
  117  9:16  Hydralisk, Zergling x2  
  107  9:17  Zergling x2, Ravager  
  107  9:18  Zergling x2  
  107  9:20  Zergling x2, Drone  
  107  9:21  Roach  
  90  9:24  Roach  
  90  9:27  Roach  
  90  9:29  Zergling x2  
  88  9:35  Roach, Overseer  
  79  9:40  Roach  
  74  9:46  Zergling x2  
  74  9:47  Spine Crawler  
  74  9:49  Queen  
  74  9:50  Roach  
  74  9:52  Roach, Zergling x4  
  59  9:53  Spine Crawler  
  59  9:57  Roach  
  53  10:01  Roach  
  54  10:08  Overlord  
  54  10:12  Roach  
  50  10:16  Hydralisk Den  
  50  10:19  Drone  
  48  10:26  Overlord  
  33  10:36  Drone  
  23  10:43  Overlord  
  23  10:53  Hatchery  
  18  11:01  Drone  
  7  11:05  Drone  
  7  11:07  Extractor  
  3  11:16  Drone  
  4  11:25  Spawning Pool  
Tags
 
Add a new tag
Caveats
  • Supply blocks, unpowered buildings, or Contaminate may cause inaccurate times.
  • Supply counts are checked every 10 seconds.